AoeStats
← tolgaeroglu1414

Glade

510584443Analyzed
1v1 RM · 11h ago on Oct 1, 2026· 45m 45s· 2 players
Game mode
Random Map
Map size
Tiny (2 player)
Population
200
Speed
Normal
Resources
Standard
Victory
Conquest
Starting age
Dark Age
Ending age
Imperial Age
RankedLock teamsTeams togetherTeam positionsShared explorationLock speedFull tech treeHidden civsTurbo modeCheats
Victory
Defeat
🇹🇷 Bulgarians · Türkiye
641
+14
🇪🇸 Varangians · Spain
605
-14
SpacePopcorn184
5:42 Loom
11:27 Feudal Age
14:52 Double-Bit Axe
20:17 Castle Age
19:51 Scale Barding Armor
20:03 Bloodlines
22:01 Wheelbarrow
21:24 Horse Collar
22:38 Heavy Plow
22:36 Gold Mining
24:29 Town Watch
24:41 Stone Mining
26:33 Stone Shaft Mining
26:55 Bow Saw
28:36 Murder Holes
30:40 Husbandry
31:32 Town Patrol
31:48 Hand Cart
33:18 Fletching
38:07 Bodkin Arrow
39:32 Elite Skirmisher
40:46 Light Cavalry
45:42 Imperial Age
43:41 Ballistics
43:38 Masonry
43:53 Chain Barding Armor
tolgaeroglu1414
9:26 Feudal Age
9:52 Double-Bit Axe
17:09 Castle Age
14:59 Horse Collar
18:00 Bow Saw
18:29 Gold Mining
19:08 Stone Mining
19:33 Heavy Plow
22:25 Pikeman
28:10 Imperial Age
26:57 Scale Mail Armor
27:07 Forging
27:19 Squires
27:31 Masonry
27:42 Ballistics
27:42 Chain Mail Armor
29:53 Capped Ram
30:54 Capped Ram
32:25 Iron Casting
32:20 Plate Mail Armor
33:07 Siege Ram
35:02 Blast Furnace
35:48 Scale Barding Armor
36:16 Architecture
36:51 Gold Shaft Mining
37:09 Stone Shaft Mining
36:56 Cavalier
37:38 Husbandry
38:53 Chain Barding Armor
43:48 Wheelbarrow
43:46 Crop Rotation
44:13 Plate Barding Armor
44:02 Elite Konnik
Connection lost

Rejoining the realm…

Still unreachable

The connection could not be restored.

Session expired

The server has moved on; the page needs a fresh start.